 Dungeon Crawl Stone Soup version 0.26.0-8-g74fc34ddfb (webtiles) character file.

Game seed: 16761389644264276929

254 Delamore the Skirmisher (level 6, -3/40 HPs)
             Began as a Gargoyle Fighter on Jan 12, 2021.
             Was an Initiate of Okawaru.
             Slain by Edmund
             ... wielding a +6 dire flail of draining
              (10 damage)
             ... on level 4 of the Dungeon.
             The game lasted 00:02:36 (3092 turns).

Delamore the Skirmisher (Gargoyle Fighter)          Turns: 3092, Time: 00:02:37

Health: -3/40      AC: 14    Str: 21    XL:     6   Next: 14%
Magic:  6/6        EV:  5    Int: 15    God:    Okawaru [......]
Gold:   219        SH:  9    Dex:  9    Spells: 5/5 levels left

rFire    . . .     SeeInvis .   v - +0 mace (holy)
rCold    . . .     Faith    .   c - +0 kite shield
rNeg     + . .     Spirit   .   p - +0 chain mail
rPois    ∞         Reflect  .   (no helmet)
rElec    +         Harm     .   (no cloak)
rCorr    .         Rampage  .   u - +0 pair of gloves (curse)
Will     +....                  (no boots)
Stlth    ..........             (no amulet)
HPRegen  0.13/turn              m - ring of willpower
MPRegen  0.10/turn              r - +6 ring of intelligence

@: no status effects
A: negative energy resistance 1, electricity resistance, unbreathing,
petrification resistance, miasma immunity, AC +4
a: Renounce Religion


You were on level 4 of the Dungeon.
You worshipped Okawaru.
Okawaru was noncommittal.
You visited 1 branch of the dungeon, and saw 4 of its levels.

You collected 219 gold pieces.

Inventory:

Hand Weapons
 a - a +0 flail
 v - a +0 mace of holy wrath (weapon)
Missiles
 t - 8 poisoned darts (quivered)
Armour
 b - a +0 scale mail
 c - a +0 kite shield (worn)
 p - a +0 chain mail (worn)
 u - a cursed +0 pair of gloves (worn)
Jewellery
 m - a ring of willpower (left hand)
 r - a +6 ring of intelligence (right hand)
Scrolls
 f - 4 scrolls of identify {unknown}
 g - 6 scrolls of remove curse {unknown}
 i - 2 scrolls of teleportation {unknown}
 j - 2 scrolls of fog {unknown}
 k - a scroll of magic mapping {unknown}
 l - 3 scrolls of enchant armour {unknown}
 s - 2 scrolls of enchant weapon {unknown}
Potions
 d - a potion of might
 e - 6 potions of curing {unknown}
 h - a potion of flight {unknown}
 n - a potion of haste {unknown}
 o - 2 potions of ambrosia {unknown}
 q - a potion of heal wounds {unknown}


   Skills:
 - Level 5.0 Fighting
 + Level 3.9 Maces & Flails
 - Level 3.2 Armour
 - Level 5.0 Shields


You had 5 spell levels left.
You didn't know any spells.
Your spell library was empty.

Dungeon Overview and Level Annotations

Branches:
Dungeon (4/15)
 Temple: D:4-7

Altars:
Okawaru

Annotations:
D:4 Edmund


Innate Abilities, Weirdness & Mutations

You are resistant to torment.
Your stone body is resilient. (AC +4)
You are immune to poison.
You resist negative energy. (rN+)
You are resistant to electric shocks. (rElec)
You can survive without breathing.
You are immune to petrification.
You are immune to miasma.


Message History

Your ring of willpower unmelds from your body.
Your +6 ring of intelligence unmelds from your body.
Your +0 mace of holy wrath softly glows with a divine radiance!
You feel clever.
You hit Edmund but do no damage.
Edmund is severely wounded.
Edmund hits you with a +6 dire flail of draining!
* * * LOW HITPOINT WARNING * * *
You hit Edmund.
Edmund is almost dead.
You block Edmund's attack.
You hit Edmund but do no damage.
Edmund is almost dead.
You block Edmund's attack.
You hit Edmund but do no damage.
Edmund is almost dead.
Edmund hits you with a +6 dire flail of draining.
* * * LOW HITPOINT WARNING * * *
Edmund hits you with a +6 dire flail of draining!
You die...

.### ..#
#####.##########
#..@@.....(.....
#.###...........
#.# #...........
#.# #...........
#.# #...........
#.###...........
#...............
#####...[..>....
### #...........


You could see Edmund.

Vanquished Creatures
  A sky beast (D:2)
  2 orc priests (D:3)
  3 adders
  An ooze (D:3)
  2 worms
  5 orcs (D:3)
  A ball python (D:3)
  4 bats
  9 giant cockroaches
  5 goblins
  4 hobgoblins
  2 quokkas
  3 frilled lizards
  8 kobolds
  12 rats
62 creatures vanquished.

Notes
Turn   | Place    | Note
-------+----------+-------------------------------------------
     0 | D:1      | Delamore the Gargoyle Fighter began the quest for the Orb.
     0 | D:1      | Reached XP level 1. HP: 14/14 MP: 1/1
   244 | D:1      | Reached XP level 2. HP: 17/19 MP: 2/2
   773 | D:2      | You fall into a shaft and drop 1 floor!
   790 | D:3      | Reached XP level 3. HP: 19/24 MP: 3/3
  1219 | D:2      | Reached XP level 4. HP: 29/29 MP: 4/4
  1639 | D:2      | Noticed a sky beast
  1684 | D:2      | Killed a sky beast
  1685 | D:2      | Reached XP level 5. HP: 22/34 MP: 5/5
  2854 | D:3      | Found an iron altar of Okawaru.
  2865 | D:3      | Became a worshipper of Warmaster Okawaru
  2917 | D:3      | Reached skill level 5 in Fighting
  2917 | D:3      | Reached XP level 6. HP: 40/40 MP: 6/6
  2918 | D:3      | Reached skill level 5 in Shields
  3040 | D:4      | Noticed Edmund
  3092 | D:4      | Slain by Edmund

Illustrated notes

Levels and vault maps discovered:
D:1:      dpeg_arrival_boxes_within_box, layout_basic, minmay_small_reverse_x
D:2:      layout_basic
D:3:      layout_basic, okawaru_ov_weapons_minmay
D:4:      layout_basic, grunt_dithmenos_smoke, uniq_crazy_yiuf_cottage,
          uniq_edmund

Skill      XL: |  1  2  3  4  5  6 |
---------------+-------------------+-----
Fighting       | 4 5 |  5.0
Shields        | 4 5 |  5.0
Maces & Flails | 3 |  3.9
Armour         | |  3.2

Action                   |  1- 3 |  4- 6 || total
-------------------------+-------+-------++-------
Melee: Flail             |   105 |   143 ||   248
       Mace              |       |    13 ||    13
       Unarmed           |       |     3 ||     3
Armor: Scale mail        |    40 |       ||    40
       Chain mail        |    15 |    94 ||   109
       Skin              |       |     1 ||     1
Dodge: Dodged            |    37 |    28 ||    65
Block: Kite shield       |    66 |    60 ||   126
